 Dungeon Crawl Stone Soup version 0.19-a0-1717-gc7c1317 (webtiles) character file.

30604 Kokiki the Eclecticist (level 13, -7/77 HPs)
             Began as a Deep Elf Fire Elementalist on Sept 29, 2016.
             Was a High Priest of Sif Muna.
             Mangled by Rupert
             ... wielding a +0 great mace of protection
              (35 damage)
             ... on level 5 of the Lair of Beasts.
             The game lasted 01:29:00 (18722 turns).

Kokiki the Eclecticist (DEFE)                      Turns: 18722, Time: 01:29:01

Health: -7/77      AC: 12    Str:  5    XL:     13   Next: 21%
Magic:  0/43       EV: 17    Int: 31    God:    Sif Muna [*****.]
Gold:   1058       SH:  0    Dex: 15    Spells: 14 memorised, 2 levels left

rFire  . . .     SeeInvis .     e - +9 staff of Olgreb {rPois}
rCold  . . .     Gourm    .     a - +0 robe
rNeg   . . .     Faith    .     (no shield)
rPois  ∞         Spirit   +     g - +0 helmet
rElec  .         Dismiss  .     C - +2 cloak
rCorr  .         Reflect  .     X - +2 pair of gloves
MR     +....     Harm     .     p - +1 pair of boots
Stlth  ++........               l - amulet of guardian spirit
                                S - ring of magical power
                                i - +5 ring of intelligence

@: sluggish, very slightly contaminated, repel missiles, divine energy, very
slow
A: mutation resistance 1, robust 1
a: Stop Divine Energy, Channel Magic, Forget Spell, Renounce Religion


You were on level 5 of the Lair of Beasts.
You worshipped Sif Muna.
Sif Muna was extremely pleased with you.
You were hungry.

You visited 2 branches of the dungeon, and saw 17 of its levels.

You collected 1058 gold pieces.

Inventory:

Hand Weapons
 e - the +9 staff of Olgreb (weapon) {rPois}
   (You found it on level 5 of the Dungeon)

   It protects you from poison.
 K - the +7 mace of Dishonour {pain, rPois Str-3 Int+4 SInv}
   (You found it on level 6 of the Dungeon)

   In the hands of one skilled in necromantic magic, it inflicts extra damage on
   living creatures.
   It affects your strength (-3).
   It affects your intelligence (+4).
   It protects you from poison.
   It lets you see invisible.
Missiles
 z - a throwing net (quivered)
Armour
 a - a +0 robe (worn)
 g - a +0 helmet (worn)
 p - a +1 pair of boots (worn)
 C - a +2 cloak (worn)
 X - a +2 pair of gloves (worn)
Jewellery
 i - a +5 ring of intelligence (left hand)
 l - an amulet of guardian spirit (around neck)
 q - an uncursed ring of protection from magic
 t - an uncursed amulet of regeneration {unknown}
 y - an uncursed ring of wizardry
 A - an uncursed ring of protection from fire
 B - an uncursed ring of wizardry
 S - a ring of magical power (right hand)
 Z - an uncursed ring of fire
Wands
 s - a wand of teleportation (4/9)
 x - a wand of hasting (2/9)
 F - a wand of iceblast (6/15)
Scrolls
 h - a scroll of enchant armour
 k - 5 scrolls of enchant weapon
 m - a scroll of vulnerability {unknown}
 n - 2 scrolls of magic mapping
 o - 7 scrolls of teleportation
 u - 2 scrolls of fog
 H - 8 scrolls of remove curse
Potions
 b - a potion of invisibility
 j - 2 potions of cure mutation
 r - a potion of resistance {unknown}
 D - 2 potions of magic
 G - 2 potions of brilliance
 I - 3 potions of agility
 J - a potion of heal wounds {unknown}
 N - 5 potions of curing
 O - 2 potions of flight {unknown}
 Y - a potion of ambrosia {unknown}
Books
 d - a book of Dreams

   Spells                             Type                      Level
   a - Ensorcelled Hibernation        Hexes/Ice                    2
   b - Silence                        Hexes/Air                    5
   c - Darkness                       Hexes                        6
   d - Shadow Creatures               Summoning                    6
 v - Sif Muna's Compendium of Attacks and Dislocation
   (Sif Muna gifted it to you on level 3 of the Lair of Beasts)

   Spells                             Type                      Level
   a - Force Lance                    Conjuration/Translocation    4
   b - Passage of Golubria            Translocation                4
   c - Orb of Destruction             Conjuration                  7
 L - a book of Air

   Spells                             Type                      Level
   a - Shock                          Conjuration/Air              1
   b - Swiftness                      Charms/Air                   2
   c - Repel Missiles                 Charms/Air                   2
   d - Static Discharge               Conjuration/Air              3
   e - Lightning Bolt                 Conjuration/Air              5
 R - a book of Maledictions

   Spells                             Type                      Level
   a - Corona                         Hexes                        1
   b - Ensorcelled Hibernation        Hexes/Ice                    2
   c - Confuse                        Hexes                        3
   d - Tukima's Dance                 Hexes                        3
   e - Dazzling Spray                 Conjuration/Hexes            3
 V - Sif Muna's Grimoire of the Mutagenic Glacier
   (Sif Muna gifted it to you on level 4 of the Lair of Beasts)

   Spells                             Type                      Level
   a - Throw Frost                    Conjuration/Ice              2
   b - Blade Hands                    Transmutation                5
   c - Freezing Cloud                 Conjuration/Ice/Air          6
   d - Simulacrum                     Ice/Necromancy               6
   e - Glaciate                       Conjuration/Ice              9
 W - a book of Debilitation

   Spells                             Type                      Level
   a - Corona                         Hexes                        1
   b - Slow                           Hexes                        2
   c - Gell's Gravitas                Hexes/Translocation          3
   d - Inner Flame                    Hexes/Fire                   3
   e - Cause Fear                     Hexes                        4
   f - Leda's Liquefaction            Hexes/Earth                  4
Comestibles
 c - 12 bread rations
 f - 6 meat rations
 w - 4 chunks of flesh
 E - a beef jerky
 M - 11 fruits


   Skills:
 + Level 3.7 Fighting
   Level 2.3 Short Blades
 + Level 3.5 Staves
 + Level 7.2 Dodging
 - Level 2.4 Stealth
 + Level 15.9 Spellcasting
 + Level 12.2 Conjurations
 + Level 4.7 Hexes
 + Level 1.7 Charms
 + Level 0.7 Translocations
 + Level 12.7 Fire Magic
 + Level 0.2 Ice Magic
 + Level 0.6 Air Magic
 + Level 1.0 Invocations


You had 2 spell levels left.
You knew the following spells:

 Your Spells              Type           Power        Failure   Level  Hunger
a - Flame Tongue          Conj/Fire      #####        0%          1    None
b - Throw Flame           Conj/Fire      ######       1%          2    None
c - Conjure Flame         Conj/Fire      #######.     1%          3    None
d - Sticky Flame          Conj/Fire      #######.     1%          4    None
e - Fireball              Conj/Fire      #######...   1%          5    None
f - Inner Flame           Hex/Fire       ######..     1%          3    None
g - Swiftness             Chrm/Air       ####....     1%          2    None
h - Repel Missiles        Chrm/Air       ####..       1%          2    None
i - Ensorcelled Hibernat  Hex/Ice        #####.       1%          2    None
j - Tukima's Dance        Hex            ######..     1%          3    None
k - Dazzling Spray        Conj/Hex       ######       1%          3    None
l - Cause Fear            Hex            ######....   2%          4    None
m - Passage of Golubria   Tloc           N/A          14%         4    None
n - Gell's Gravitas       Hex/Tloc       #####.....   1%          3    None


Dungeon Overview and Level Annotations

Branches:
Dungeon (12/15)            Temple (0/1) D:7            Lair (5/6) D:10
  Swamp (0/4) Lair:4       Spider (0/4) Lair:3          Orc (0/2) D:9
  Slime: Lair:5-6

Altars:
Elyvilon
Fedhas
Sif Muna
Trog
Uskayaw
Vehumet
Yredelemnul

Shops:
D:4 (   D:5 }

Annotations:
D:5 1 runed door
D:6 exclusion: statue
Lair:5 Rupert


Innate Abilities, Weirdness & Mutations

You are somewhat resistant to further mutation.
You are robust. (+10% HP)


Message History

You briefly lose access to your magic!
You hear a loud, deep croak!
Rupert looks more energetic.
Rupert yells loudly at you.
You are confused.
You're too confused!
You're too confused!
Rupert roars madly and goes into a rage!
Rupert goes berserk!
You're too confused!
You start to feel a little faster.
You regain access to your magic.
Rupert barely misses you. x2
You hit Rupert.
Rupert is poisoned.
Rupert is lightly wounded.
Rupert hits you with a great mace of protection!!
You hear a bleat!
The spiny frog croaks.
You feel less confused.
Rupert hits you with a great mace of protection!!!
You die...

..........>..#......####.........
................÷..^..#.#........
.....P...P.#.....................
......^......^...P......P.<......
..§........(..........P.P........
.§§.P.####..##................†..
.§§.### ####.#.....#............
.§.§# ####@..#.#........... .P§§#
#.@.#.###.P........ ##P§##
#.##### #..#####... .##§§# #.
#..## #.... .#...# #. ##..
##.#P.. .....## .. ... #P.PP.#
P..P..## .F ## ...(PP..# .....#.#
... ##...###. ...#@.## #.. #.###
# .P##.## ##


You could see Rupert (berserk) and a spiny frog.

Vanquished Creatures
  A hydra (Lair:3)
  Erica (D:7)
  3 death yaks
  An unseen horror (D:10)
  Pikel (D:7)
  A hill giant (D:11)
  A manticore (Lair:4)
  An ugly thing (D:11)
  A cyclops (D:9)
  A deep elf mage (D:11)
  A black mamba (Lair:1)
  Joseph (Lair:1)
  A torpor snail (Lair:3)
  8 spiny frogs
  4 rime drakes
  2 komodo dragons (Lair:3)
  A kobold demonologist (D:11)
  A troll (D:11)
  Grinder (D:5)
  3 dream sheep (Lair:5)
  11 blink frogs
  8 hippogriffs
  A shadow (D:11)
  Sigmund (D:4)
  A vampire (D:9)
  20 yaks
  Eustachio (D:6)
  A human (D:7)
  4 wyverns (Lair:4)
  2 hungry ghosts
  3 basilisks (Lair:4)
  3 hogs (D:7)
  A mottled dragon (D:11)
  3 soldier ants (D:5)
  10 water moccasins
  8 porcupines
  A sky beast (D:6)
  4 ice beasts
  5 orc warriors
  A phantom (D:9)
  3 wolves (Lair:4)
  6 ogres
  2 centaurs (D:7)
  3 crocodiles
  A big kobold (D:7)
  24 bullfrogs
  Blork the orc (D:5)
  4 scorpions
  26 killer bees
  4 wights
  3 electric eels (Lair:4)
  11 howler monkeys
  2 bullfrog skeletons
  3 hounds
  3 jellies
  6 orc priests
  7 orc wizards
  8 iguanas
  17 worker ants
  A howler monkey zombie (D:6)
  A worker ant zombie (D:9)
  Robin (D:2)
  4 adders
  9 gnolls
  32 river rats
  3 shadow imps
  An ooze (D:2)
  2 adder skeletons
  4 worms
  2 dart slugs
  6 leopard geckos
  15 orcs
  2 giant cockroaches
  8 goblins
  8 hobgoblins
  8 jackals
  3 quokkas
  3 ball pythons
  4 bats
  2 frilled lizards
  A jackal skeleton (D:4)
  31 kobolds
  10 rats
  A fungus (Lair:4)
  2 plants (D:7)
422 creatures vanquished.

Vanquished Creatures (others)
  Duvessa (D:6)
  3 slaves (D:7)
  Dowan (D:6)
  3 orc wizards
  An orc (D:6)
  2 quokkas
  4 fungi (Lair:4)
  2 plants (Lair:5)
17 creatures vanquished.

Grand Total: 439 creatures vanquished

Notes
Turn   | Place    | Note
-------+----------+-------------------------------------------
     0 | D:1      | Kokiki the Deep Elf Fire Elementalist began the quest for the Orb.
     0 | D:1      | Reached XP level 1. HP: 10/10 MP: 6/6
   165 | D:1      | Reached XP level 2. HP: 15/15 MP: 0/8
   402 | D:1      | Learned a level 2 spell: Throw Flame
  1067 | D:2      | Reached XP level 3. HP: 19/19 MP: 7/9
  1134 | D:2      | Noticed Robin
  1305 | D:2      | Killed Robin
  1493 | D:2      | Learned a level 3 spell: Conjure Flame
  1819 | D:3      | Found a basalt altar of Yredelemnul.
  1865 | D:3      | Reached XP level 4. HP: 24/24 MP: 11/11
  1880 | D:3      | Found a blossoming altar of Fedhas.
  2145 | D:3      | Reached skill level 4 in Spellcasting
  2361 | D:3      | Reached XP level 5. HP: 28/28 MP: 9/13
  2623 | D:3      | Learned a level 4 spell: Sticky Flame
  2716 | D:4      | Noticed Sigmund
  2724 | D:4      | Killed Sigmund
  2724 | D:4      | Reached skill level 5 in Spellcasting
  2724 | D:4      | Reached XP level 6. HP: 27/32 MP: 6/16
  2735 | D:4      | Reached skill level 5 in Fire Magic
  3010 | D:4      | Found Ciluda's Antique Weapon Shop.
  3254 | D:4      | Reached skill level 6 in Spellcasting
  3652 | D:5      | Entered Level 5 of the Dungeon
  3660 | D:5      | Noticed Grinder
  3673 | D:5      | Killed Grinder
  3673 | D:5      | Reached skill level 1 in Short Blades
  3673 | D:5      | Reached XP level 7. HP: 24/37 MP: 0/18
  3858 | D:5      | Found Elonus's Gadget Emporium.
  3910 | D:5      | Found a runed door.
  3915 | D:5      | Found a runed gate.
  3916 | D:5      | Found a runed door.
  3927 | D:5      | Found a runed gate.
  3927 | D:5      | Found a runed gate.
  4191 | D:5      | Found a white marble altar of Elyvilon.
  4257 | D:5      | Noticed Blork the orc
  4325 | D:6      | Found a radiant altar of Vehumet.
  4435 | D:6      | Reached skill level 1 in Fighting
  4508 | D:6      | Reached skill level 7 in Spellcasting
  4539 | D:6      | Reached XP level 8. HP: 43/43 MP: 13/20
  4548 | D:6      | Learned a level 5 spell: Fireball
  4591 | D:6      | Noticed Duvessa
  4593 | D:6      | Noticed Dowan
  4606 | D:6      | Killed Duvessa
  4617 | D:6      | Killed Dowan
  4669 | D:6      | Reached skill level 5 in Conjurations
  4858 | D:6      | Got a jewelled mace
  4988 | D:6      | Noticed Eustachio
  4998 | D:6      | Killed Eustachio
  4998 | D:6      | Reached skill level 8 in Spellcasting
  5312 | D:5      | Killed Blork the orc
  5820 | D:5      | Gained mutation: You are robust. (+10% HP) [potion of mutation]
  5820 | D:5      | Gained mutation: You are somewhat resistant to further mutation. [potion of mutation]
  5895 | D:5      | Learned a level 3 spell: Inner Flame
  5905 | D:5      | Reached skill level 9 in Spellcasting
  5909 | D:5      | Reached XP level 9. HP: 47/51 MP: 7/24
  6426 | D:7      | Reached skill level 10 in Spellcasting
  6809 | D:7      | Found a deep blue altar of Sif Muna.
  6812 | D:7      | Became a worshipper of Sif Muna the Loreminder
  6891 | D:7      | Reached skill level 5 in Dodging
  6981 | D:7      | Found a staircase to the Ecumenical Temple.
  7066 | D:7      | Noticed Pikel
  7067 | D:7      | Found a hide-covered altar of Uskayaw.
  7086 | D:7      | Killed Pikel
  7086 | D:7      | Reached skill level 1 in Staves
  7132 | D:7      | Reached * piety under Sif Muna
  7255 | D:7      | Got a heavily runed silver ring
  7263 | D:7      | Identified the ring of Eternal Harmony {rF+ Str+6} (You found it on level 7 of the Dungeon)
  7388 | D:7      | Reached XP level 10. HP: 53/58 MP: 13/26
  7445 | D:7      | Reached skill level 11 in Spellcasting
  8662 | D:8      | Noticed Erica
  8684 | D:7      | Killed Erica
  8684 | D:7      | Reached ** piety under Sif Muna
  9135 | D:8      | Reached skill level 10 in Fire Magic
  9226 | D:8      | Reached skill level 12 in Spellcasting
  9465 | D:9      | Noticed a cyclops
  9474 | D:9      | Killed a cyclops
  9766 | D:9      | Found a staircase to the Orcish Mines.
  9817 | D:9      | Learned a level 2 spell: Swiftness
  9820 | D:9      | Learned a level 2 spell: Repel Missiles
  9970 | D:9      | Learned a level 2 spell: Ensorcelled Hibernation
 10006 | D:9      | Noticed a moth of wrath
 10008 | D:9      | Found a bloodstained altar of Trog.
 10015 | D:9      | Reached *** piety under Sif Muna
 10260 | D:9      | Learned a level 3 spell: Tukima's Dance
 10287 | D:9      | Reached XP level 11. HP: 64/64 MP: 18/29
 10429 | D:10     | Entered Level 10 of the Dungeon
 10471 | D:10     | Killed an unseen horror
 10667 | D:10     | Learned a level 3 spell: Dazzling Spray
 10690 | D:10     | Learned a level 4 spell: Cause Fear
 10796 | D:10     | Found a staircase to the Lair.
 10914 | D:10     | Identified the +7 mace of Dishonour {pain, rPois Str-3 Int+4 SInv} (You found it on level 6 of the Dungeon)
 11200 | D:11     | Noticed a hill giant
 11211 | D:11     | Killed a hill giant
 11391 | D:11     | Noticed a red ugly thing
 11867 | D:11     | Reached skill level 13 in Spellcasting
 12253 | D:11     | Killed a red ugly thing
 12440 | D:11     | Reached **** piety under Sif Muna
 12444 | D:11     | Noticed a deep elf mage
 12450 | D:11     | Killed a deep elf mage
 12450 | D:11     | Reached skill level 10 in Conjurations
 12588 | D:11     | Reached skill level 1 in Hexes
 12850 | Lair:1   | Entered Level 1 of the Lair of Beasts
 12850 | Lair:1   | Noticed Joseph
 12854 | Lair:1   | Killed Joseph
 13561 | Lair:1   | Reached skill level 14 in Spellcasting
 14444 | Lair:2   | Reached ***** piety under Sif Muna
 14909 | Lair:3   | Noticed a seven-headed hydra
 14913 | Lair:3   | Reached XP level 12. HP: 70/70 MP: 18/32
 14914 | Lair:3   | Killed a seven-headed hydra
 14914 | Lair:3   | Identified Sif Muna's Compendium of Attacks and Dislocation (Sif Muna gifted it to you on level 3 of the Lair of Beasts)
 14914 | Lair:3   | Received a gift from Sif Muna
 14932 | Lair:3   | Learned a level 4 spell: Passage of Golubria
 15125 | Lair:3   | Found a hole to the Spider Nest.
 15455 | Lair:3   | Got an iridescent glaive
 16299 | Lair:4   | Noticed a death yak
 16318 | Lair:3   | Killed a death yak
 16829 | Lair:3   | Reached skill level 15 in Spellcasting
 16985 | Lair:3   | Learned a level 3 spell: Gell's Gravitas
 17046 | Lair:4   | Reached skill level 1 in Charms
 17194 | Lair:4   | Found a staircase to the Swamp.
 17330 | Lair:4   | Noticed a death yak
 17330 | Lair:4   | Noticed a death yak
 17341 | Lair:4   | Killed a death yak
 17353 | Lair:4   | Killed a death yak
 17477 | Lair:4   | Identified Sif Muna's Grimoire of the Mutagenic Glacier (Sif Muna gifted it to you on level 4 of the Lair of Beasts)
 17477 | Lair:4   | Received a gift from Sif Muna
 17481 | Lair:4   | Reached XP level 13. HP: 74/77 MP: 7/34
 18415 | Lair:5   | Reached skill level 1 in Invocations
 18675 | Lair:5   | Noticed Rupert
 18722 | Lair:5   | Mangled by Rupert

Vault maps used:
D:1:      sevenhm_arrival_forest_fort_large_3, minmay_strange_pillars
D:2:      kennysheep_generic_room_13, uniq_robin
D:3:      old_standard_altar, fedhas_altar_3
D:4:      serial_shops, shop, uniq_sigmund
D:5:      elyvilon_altar_4, first_bread, serial_shops, shop,
          minmay_guarded_unrand_staff_of_olgreb, uniq_grinder,
          uniq_blork_the_orc
D:6:      lemuel_ice_spiral_2, vehumet_statue, uniq_eustachio, uniq_duvessa
D:7:      kennysheep_kobold_camp, nicolae_overflow_crystal_walls,
          lemuel_blue_sif_altar, grunt_livestock, uniq_pikel
D:8:      uniq_erica
D:9:      orc_0_dummy, tgw_trog
D:10:     lair_0_dummy, corexii_checkpoint_a
D:12:     minmay_guarded_unrand_guard
Lair:1:   beast_lair_carwin_7, lemuel_fruit_fields, serial_bayou_shore_a,
          grunt_megastairs_2, uniq_joseph
Lair:2:   lemuel_fruit_fields
Lair:3:   dummy_spider_entry, serial_bayou_shore_b, grunt_megastairs_5
Lair:4:   statuecave_lemuel, minmay_swamp_entry_worms, special_room,
          beast_lair_carwin_11, lemuel_fruit_fields
Lair:5:   lemuel_fruit_tree, uniq_rupert

Skill      XL: |  1  2  3  4  5  6  7  8  9 10 11 12 13 |
---------------+----------------------------------------+-----
Dodging        | 3 4 5 6 7 |  7.2
Fire Magic     | 4 5 6 8 9 10 11 12 | 12.7
Conjurations   | 2 3 4 6 7 9 10 12 | 12.2
Spellcasting   | 4 5 6 7 9 10 12 14 15 | 15.9
Short Blades   | 1 2 |  2.3
Fighting       | 1 2 3 |  3.7
Staves         | 1 2 3 |  3.5
Hexes          | 2 4 |  4.7
Charms         | 1 |  1.7
Invocations    | 1 |  1.0
Stealth        | |  2.4
Translocations | |  0.7
Ice Magic      | |  0.2
Air Magic      | |  0.6

Action                   |  1- 3 |  4- 6 |  7- 9 | 10-12 | 13-15 || total
-------------------------+-------+-------+-------+-------+-------++-------
Melee: Dagger            |    25 |     7 |    29 |       |       ||    61
       Staff             |       |       |    38 |   113 |    12 ||   163
 Cast: Flame Tongue      |    50 |    61 |   145 |   158 |     2 ||   416
       Throw Flame       |    17 |     2 |    27 |   228 |    21 ||   295
       Conjure Flame     |       |     2 |     1 |     9 |     3 ||    15
       Sticky Flame      |       |     2 |    16 |    48 |     9 ||    75
       Fireball          |       |       |     4 |    77 |    19 ||   100
       Repel Missiles    |       |       |       |     1 |       ||     1
       Cause Fear        |       |       |       |    20 |     2 ||    22
       Swiftness         |       |       |       |     6 |     3 ||     9
       Ensorcelled Hiber |       |       |       |     1 |       ||     1
       Dazzling Spray    |       |       |       |     1 |       ||     1
       Passage of Golubr |       |       |       |     2 |     2 ||     4
       Tukima's Dance    |       |       |       |       |     1 ||     1
       Gell's Gravitas   |       |       |       |       |     1 ||     1
Invok: Divine Energy     |       |       |       |     1 |       ||     1
       Channel Magic     |       |       |       |     2 |     1 ||     3
  Use: Scroll            |     6 |     3 |     9 |    10 |     5 ||    33
       Potion            |       |       |     7 |     1 |       ||     8
 Stab: Sleeping          |     2 |     2 |     1 |     1 |     1 ||     7
  Eat: Chunk             |     4 |     1 |     4 |    12 |     2 ||    23
       Beef jerky        |       |     2 |       |     2 |     1 ||     5
       Royal jelly       |       |     1 |       |     1 |       ||     2
       Pizza             |       |       |     3 |     7 |       ||    10
       Bread ration      |       |       |     1 |       |       ||     1
       Fruit             |       |       |       |     8 |       ||     8
Armor: Robe              |     7 |     8 |    37 |   101 |    11 ||   164
Dodge: Dodged            |    28 |    25 |   113 |   283 |    27 ||   476
       Deflected         |       |       |       |     2 |     2 ||     4
